 Seeded DCSS version 0.30-a0-847-g17996783a1 (webtiles) character file.

Game seed: 3019558072822282979 (custom seed)

77575 drewk1942 the Unseen (level 15, 0/114 HPs)
             Began as an Octopode Fighter on Mar 3, 2023.
             Was an Elder of Ashenzari.
             Slain by a yak (8 damage)
             ... while petrified by a catoblepas
             ... on level 4 of the Lair of Beasts.
             The game lasted 00:55:56 (21716 turns).

drewk1942 the Unseen (Octopode Fighter)            Turns: 21716, Time: 00:55:57

Health: 0/114      AC:  1    Str: 14      XL:     15   Next: 57%
Magic:  20/20      EV:  2    Int: 11 (12) God:    Ashenzari [****..]
Gold:   2918       SH:  0    Dex: 36      Spells: 18/21 levels left

rFire   + . .      SeeInvis +    s - +7 short sword of the Esoteric Boredom {drain, rElec, Melee, Cun} (curse)
rCold   . . .      Faith    .    w - +4 tower shield of the Mantic Sun {Fort, Elem} (curse)
rNeg    + + +      Spirit   .    d - +0 mask of the Dragon {Will+ Slay+3 SInv, Self, Range} (curse)
rPois   ∞          Reflect  +    i - amulet of the Gnostic Ordeal {Reflect SH+5, Evo, Elem} (curse)
rElec   +          Rampage  .    H - ring of the Unveiling Sky {rPois Int+3 SInv, Melee, Range} (curse)
rCorr   .          Clarity  +    e - ring of the Eternal Yoke {Dex+6, Elem, Bglg} (curse)
Will    ++...                    O - ring "Share My Ordeal" {Dex+6, Cun, Evo} (curse)
Stlth   +++++++++                (no ring)
HPRegen 0.39/turn                (no ring)
MPRegen 0.17/turn                (no ring)
                                 (no ring)
                                 (no ring)

@: petrified, studying 2 skills
A: almost no armour, amphibious, 8 rings, camouflage 1, gelatinous body 1,
(nimble swimmer 1), tentacles, agile 1, clarity, deterioration 1, fire
resistance 1
a: Renounce Religion, Curse Item, Shatter the Chains


You were on level 4 of the Lair of Beasts.
You worshipped Ashenzari.
Ashenzari was greatly pleased with you.
You visited 4 branches of the dungeon, and saw 22 of its levels.
You also visited: Bailey and Ice Cave.

You collected 3937 gold pieces.
You spent 1019 gold pieces at shops.

Inventory:

Hand Weapons
 a - a +0 rapier
 g - a +5 short sword of draining
 s - the cursed +7 short sword of the Esoteric Boredom (weapon) {drain, rElec, Melee, Cun}
   (You bought it in a shop on level 4 of the Dungeon)

   rElec:     It insulates you from electricity.
   It has a curse which improves the following skills: Melee Combat: Short
   Blades, Long Blades, Axes, Maces & Flails, Polearms, Staves and Unarmed
   Combat.
   Cunning:   Dodging and Stealth.
 R - the +6 rapier of Jebrohit {pain, rPois rF+ Int+4}
   (You bought it in a shop on level 2 of the Orcish Mines)

   Int:       It affects your intelligence (+4).
   rF:        It protects you from fire.
   rPois:     It protects you from poison.
Armour
 b - a +0 buckler
 d - the cursed +0 mask of the Dragon (worn) {Will+ Slay+3 SInv, Self, Range}
   (You acquired it on level 4 of the Dungeon)

   Slay:      It affects your accuracy & damage with ranged weapons and melee
   (+3).
   SInv:      It lets you see invisible.
   Will:      It increases your willpower.
   It has a curse which improves the following skills: Introspection: Fighting
   and Spellcasting.
   Ranged Combat: Ranged Weapons and Throwing.
 w - the cursed +4 tower shield of the Mantic Sun (worn) {Fort, Elem}
   (You found it on level 4 of the Dungeon)

   It has a curse which improves the following skills: Fortitude: Shields.
   Elements:  Fire Magic, Ice Magic, Air Magic and Earth Magic.
Jewellery
 e - the cursed ring of the Eternal Yoke (right tentacle) {Dex+6, Elem, Bglg}
   (You found it on level 12 of the Dungeon)

   [ring of dexterity]

   Dex:       It affects your dexterity (+6).
   It has a curse which improves the following skills: Elements: Fire Magic, Ice
   Magic, Air Magic and Earth Magic.
   Beguiling: Conjurations, Hexes and Translocations.
 i - the cursed amulet of the Gnostic Ordeal (around mantle) {Reflect SH+5, Evo, Elem}
   (You found it on level 4 of the Dungeon)

   [amulet of reflection]

   It reflects blocked missile attacks.
   SH:        It affects your SH (+5).
   It has a curse which improves the following skills: Evocations: Evocations.
   Elements:  Fire Magic, Ice Magic, Air Magic and Earth Magic.
 y - a ring of ice
 D - a ring of ice
 F - a ring of magical power
 H - the cursed ring of the Unveiling Sky (left tentacle) {rPois Int+3 SInv, Melee, Range}
   (You acquired it in a bailey)

   [ring of see invisible]

   Int:       It affects your intelligence (+3).
   rPois:     It protects you from poison.
   SInv:      It lets you see invisible.
   It has a curse which improves the following skills: Melee Combat: Short
   Blades, Long Blades, Axes, Maces & Flails, Polearms, Staves and Unarmed
   Combat.
   Ranged Combat: Ranged Weapons and Throwing.
 K - a ring of ice
 O - the cursed ring "Share My Ordeal" (on tentacle) {Dex+6, Cun, Evo}
   (You found it on level 3 of the Lair of Beasts)

   [ring of dexterity]

   Dex:       It affects your dexterity (+6).
   It has a curse which improves the following skills: Cunning: Dodging and
   Stealth.
   Evocations: Evocations.
 Q - an amulet of the acrobat
Wands
 r - a wand of paralysis (25)
 u - a wand of roots (3)
 z - a wand of digging (2)
 B - a wand of flame (22)
 I - a wand of polymorph (3)
 L - a wand of acid (6)
Scrolls
 j - 4 scrolls of noise
 n - 5 scrolls of amnesia
 o - 7 scrolls of teleportation
 p - 5 scrolls of fog
 v - 3 scrolls of magic mapping
 x - 4 scrolls of vulnerability
 G - 3 scrolls of poison
 J - a scroll of enchant armour
 S - 3 scrolls of fear
Potions
 c - 3 potions of might
 f - 4 potions of flight
 h - 8 potions of lignification
 k - 7 potions of curing
 l - 5 potions of attraction
 m - 4 potions of brilliance
 q - 2 potions of magic
 t - 2 potions of invisibility
 A - 2 potions of resistance
 C - 6 potions of degeneration
 M - 2 potions of heal wounds
 N - 3 potions of mutation
 P - 5 potions of ambrosia
 U - a potion of berserk rage
Miscellaneous
 E - a phial of floods
 T - a condenser vane


   Skills:
 * Level 12.4(14.3) Fighting
 - Level 11.7(14.6) Short Blades
 + Level 13.0(15.9) Dodging
 + Level 15.7(18.6) Stealth
 + Level 14.6(16.4) Shields
 + Level 2.1(3.6) Spellcasting
 + Level 2.4(5.4) Air Magic
 * Level 11.1(14.0) Evocations


You had 18 spell levels left.
You knew the following spells:

 Your Spells              Type           Power      Damage    Failure   Level
a - Swiftness             Air            13%        N/A       24%         3

Your spell library contained the following spells:

 Spells                   Type           Power      Damage    Failure   Level
 Shock                    Conj/Air       32%        1d5       24%         1
 Magic Dart               Conj           8%         1d3       56%         1
 Slow                     Hex            8%         N/A       56%         1
 Beastly Appendage        Tmut           4%         N/A       58%         1
 Airstrike                Air            6%         2d(1-17)  63%         4
 Kindle Blastsparks       Fire/Tloc/Air  12%        2d11      69%         3
 Lesser Beckoning         Tloc           4%         N/A       71%         2
 Mephitic Cloud           Conj/Pois/Air  6%         N/A       71%         3
 Call Imp                 Summ           2%         N/A       75%         2
 Wereblood                Tmut           2%         N/A       75%         2
 Confusing Touch          Hex            2%         N/A       91%         3
 Gell's Gravitas          Tloc           2%         N/A       91%         3
 Ignite Poison            Fire/Tmut/Pois 2%         N/A       91%         3
 Teleport Other           Tloc           2%         N/A       91%         3
 Spider Form              Tmut/Pois      2%         N/A       92%         3
 Vampiric Draining        Necr           2%         2d6       92%         3
 Animate Dead             Necr           2%         N/A       100%        4
 Freezing Cloud           Conj/Ice/Air   3%         6-21      100%        5
 Dispersal                Tloc           1%         N/A       100%        6
 Simulacrum               Ice/Necr       1%         N/A       100%        6
 Haunt                    Necr/Summ      1%         N/A       100%        7
 Infestation              Necr           1%         N/A       100%        8
 Polar Vortex             Ice            1%         N/A       100%        9


Dungeon Overview and Level Annotations

Branches:
Dungeon (15/15)            Temple (1/1) D:6            Lair (4/5) D:10
  Swamp (0/4) Lair:3        Snake (0/4) Lair:3        Slime (0/5) Lair:4
    Orc (2/2) D:12            Elf (0/3) Orc:2        Vaults (0/5) D:14
 Depths (0/4) D:15         Bailey (visited)           IceCv (visited)

Altars:
Ashenzari
Cheibriados
Dithmenos
Elyvilon
Fedhas
Gozag
Hepliaklqana
Kikubaaqudgha
Makhleb
Nemelex Xobeh
Okawaru
Qazlal
Ru
Sif Muna
Trog
Uskayaw
Vehumet
Wu Jian
Xom
Yredelemnul
Zin
The Shining One

Shops:
D:3 [!   D:4 (   Orc:2 [(:*

Annotations:
D:6 2 transporters, lunkers's ghost, novice MeFi
D:9 1 runed translucent door
Lair:2 3 runed translucent doors, Brisketman's ghost, journeyman MeRe
Orc:1 1 runed translucent door, bakla's ghost, journeyman OpGl


Innate Abilities, Weirdness & Mutations

You cannot wear most types of armour.
You are amphibious.
You can wear up to eight rings at the same time.
Your skin changes colour to match your surroundings (Stealth+).
Your rubbery body absorbs attacks. (AC +1, EV +1)
((You are camouflaged when in or above water. (Stealth+)))
You have tentacles for arms and can constrict up to eight enemies at once.
You are agile. (Dex +4, Str/Int -1)
You possess an exceptional clarity of mind.
Your body sometimes deteriorates upon taking damage.
Your flesh is heat resistant. (rF+)


Message History

You puncture the catoblepas!
The catoblepas is heavily wounded.
You block the bullfrog's attack. x2; The yak closely misses you.
You block the yak's attack. The yak completely misses you.
The catoblepas breathes a plume of calcifying dust at you.
The blast of calcifying dust hits you. The yak completely misses you.
You puncture the catoblepas! You drain the catoblepas.
You squeeze the catoblepas!
The catoblepas is severely wounded.
You are engulfed in calcifying dust.
You are slowing down.
You block the bullfrog's attack. x2; You block the yak's attack. x2
The yak misses you.
The catoblepas breathes a plume of calcifying dust at you.
The blast of calcifying dust hits you! You block the yak's attack.
You are engulfed in calcifying dust.
Your limbs have turned to stone.
You block the bullfrog's attack. x4; The yak gores you!
You block the yak's attack.
The catoblepas breathes a plume of calcifying dust at you.
The blast of calcifying dust hits the yak.
The blast of calcifying dust hits you. The bullfrog hits you.
You have turned to stone.
You are engulfed in calcifying dust.
The bullfrog hits you. The bullfrog hits you! The yak gores you!
* * * LOW HITPOINT WARNING * * *
The yak barely misses you. The bullfrog hits you.
* * * LOW HITPOINT WARNING * * *
You are engulfed in calcifying dust.
The bullfrog hits you. x2
* * * LOW HITPOINT WARNING * * *
The yak gores you but does no damage. The yak gores you!
* * * LOW HITPOINT WARNING * * *
The bullfrog hits you.
* * * LOW HITPOINT WARNING * * *
You are engulfed in calcifying dust.
The bullfrog barely misses you. The catoblepas gores you!
* * * LOW HITPOINT WARNING * * *
The bullfrog hits you. The yak gores you!
* * * LOW HITPOINT WARNING * * *
The yak gores you but does no damage. The yak gores you!
You die... * .. *#......## * *.#. ###.......# {.... , #.........# ,...F. ..[......# * PF....

,+.......# * , ......
#......+ , , , ...... *
#...Y..#,* * , P..... *
#.DYYY.# * * **, (.....
#..F@F.## , $...., *
#..Y§Y..# , #...., *
#..#.§...### * *,.... *
####..P#...## * ### ##
#.......P## ###.##..#
##.....#...#*###, .........
##...<..#.#.#.... *
..........###.#...##..#......
,
........#...........#........


You could see a catoblepas (drained), a seven-headed hydra, 5 yaks and 2
bullfrogs.

Vanquished Creatures
  Jorgrun (D:14)
  Rupert (D:14)
  Kirke (D:14)
  2 orc warlords
  An ironbound preserver (D:14)
  2 very ugly things (IceCv)
  An ettin (D:15)
  Fannar (Lair:2)
  2 hydras
  Erolcha (D:13)
  A catoblepas (Lair:4)
  4 centaur warriors
  6 two-headed ogres
  2 boulder beetles
  An orc high priest (Orc:2)
  2 tengu warriors (D:15)
  Urug (D:13)
  Sonja (D:10)
  A hell knight (D:15)
  Lodul (D:13)
  A skeletal warrior (D:14)
  A swamp dragon (Lair:3)
  22 slime creatures
  2 orange crystal statues (IceCv)
  5 orc knights
  A necromancer (D:15)
  3 ugly things
  3 orc sorcerers
  2 manticores
  2 deep elf pyromancers (D:15)
  7 cyclopes
  8 elephants (Lair:3)
  3 black mambas
  3 gargoyles
  2 torpor snails
  An unseen horror (D:10)
  6 cane toads
  3 rime drakes
  9 komodo dragons
  5 freezing wraiths
  2 golden dragon simulacra (IceCv)
  A tengu conjurer (D:15)
  10 trolls
  A polar bear (Lair:1)
  A queen bee (Lair:3)
  A hornet (D:5)
  12 blink frogs
  6 dream sheep
  A vampire (D:11)
  3 dire elephant simulacra (IceCv)
  3 wyverns
  2 wraiths
  A golden eye (shapeshifter) (D:13)
  42 yaks
  A basilisk (shapeshifter) (D:14)
  2 basilisks
  2 hogs (D:14)
  2 steam dragons
  2 vampire mosquitoes (D:15)
  A harpy simulacrum (IceCv)
  3 wargs
  2 acid dragons
  A hydra simulacrum (IceCv)
  7 water moccasins
  42 orc warriors
  An ice beast (D:7)
  3 alligator simulacra (IceCv)
  17 ogres
  10 wolves (Lair:1)
  3 ettin simulacra (IceCv)
  3 centaurs
  3 kobold brigands
  9 bullfrogs
  4 scorpions
  11 wights
  35 killer bees
  3 lindwurm simulacra (IceCv)
  4 howler monkeys
  4 jellies
  12 orc priests
  2 hounds
  2 gnoll boudas (D:7)
  2 iguanas
  17 orc wizards
  4 hell rats
  Robin (D:4)
  15 gnolls
  7 adders
  2 white imps (D:6)
  An ufetubus (D:4)
  A worm (D:3)
  3 dart slugs
  75 orcs
  6 ball pythons
  4 bats
  10 endoplasms
  2 giant cockroaches
  29 goblins
  21 hobgoblins
  12 jackals
  19 kobolds
  4 quokkas
  2 frilled lizards (D:1)
  2 jackal skeletons (D:9)
  7 rats
645 creatures vanquished.

Vanquished Creatures (others)
  A human (D:14)
  An orc wizard (D:4)
  A bush (Lair:3)
  30 fungi
  17 plants
50 creatures vanquished.

Grand Total: 695 creatures vanquished

Notes
Turn   | Place    | Note
-------+----------+-------------------------------------------
     0 | D:1      | drewk1942 the Octopode Fighter began the quest for the Orb.
     0 | D:1      | Reached XP level 1. HP: 16/16 MP: 1/1
    93 | D:1      | Reached skill level 1 in Stealth
    93 | D:1      | Reached XP level 2. HP: 21/21 MP: 2/2
   175 | D:1      | Found Korphohun's Antique Weapon Emporium.
   326 | D:1      | Reached skill level 2 in Stealth
   326 | D:1      | Reached XP level 3. HP: 20/26 MP: 3/3
   526 | D:1      | Found a faded altar of an unknown god.
   930 | D:2      | Reached XP level 4. HP: 31/31 MP: 4/4
  1047 | D:2      | Reached skill level 3 in Stealth
  1144 | D:3      | You fall into a shaft and drop 2 floors!
  1144 | D:5      | Entered Level 5 of the Dungeon
  1194 | D:5      | Noticed a scorpion
  1217 | D:5      | Noticed an ogre
  1225 | D:5      | Killed an ogre
  1226 | D:5      | Reached skill level 4 in Stealth
  1226 | D:5      | Reached XP level 5. HP: 19/36 MP: 5/5
  1512 | D:3      | Found Lage's Distillery.
  1517 | D:3      | Bought a potion of curing for 42 gold pieces
  1696 | D:3      | Found Ciuneit's Antique Armour Emporium.
  1741 | D:2      | Reached XP level 6. HP: 38/43 MP: 6/6
  1957 | D:3      | Found a glowing silver altar of Zin.
  2414 | D:4      | Identified the +1 helmet of a sewer {Int+3}
  2414 | D:4      | Noticed Robin
  2671 | D:4      | Killed Robin
  2700 | D:4      | Reached skill level 5 in Stealth
  2700 | D:4      | Reached XP level 7. HP: 45/48 MP: 7/7
  2724 | D:4      | Found a bloodstained altar of Trog.
  2788 | D:4      | Found Rett's Weapon Shop.
  3111 | D:4      | Identified 2 scrolls of acquirement
  3111 | D:4      | Acquired 1257 gold pieces
  3113 | D:4      | Acquired the +0 mask of the Dragon {Will+ Slay+3 SInv}
  3113 | D:4      | Found the +0 mask of the Dragon {Will+ Slay+3 SInv}
  3241 | D:5      | Noticed a hornet
  3255 | D:5      | Killed a hornet
  3473 | D:5      | Reached XP level 8. HP: 54/54 MP: 8/8
  3500 | D:5      | Found a broken altar of Ashenzari.
  3672 | D:5      | Reached skill level 5 in Short Blades
  3672 | D:5      | Reached skill level 6 in Stealth
  3703 | D:5      | Reached skill level 5 in Fighting
  3703 | D:5      | Reached skill level 5 in Shields
  3906 | D:4      | Bought the +7 short sword of the Coward {drain, rElec} for
                  | 761 gold pieces
  4250 | D:6      | Found a sacrificial altar of Ru.
  4271 | D:6      | Found a staircase to the Ecumenical Temple.
  4278 | Temple   | Entered the Ecumenical Temple
  4278 | Temple   | Found a transporter.
  4278 | Temple   | Found a transporter.
  4280 | Temple   | Found a transporter.
  4280 | Temple   | Found a transporter.
  4341 | D:6      | Reached skill level 5 in Dodging
  4393 | D:5      | Became a worshipper of Ashenzari the Shackled
  4425 | D:6      | Found a burning altar of Makhleb.
  4557 | D:6      | Found a transporter.
  4826 | D:6      | Found a transporter.
  4826 | D:6      | Noticed lunkers's ghost (novice MeFi)
  4827 | D:6      | Noticed a hornet
  4916 | D:6      | HP: 2/55 [steam dragon (2)]
  5426 | D:6      | Reached skill level 7 in Stealth
  5545 | D:6      | Reached XP level 9. HP: 62/62 MP: 9/9
  5721 | D:7      | Found a glowing golden altar of the Shining One.
  5837 | D:7      | Found the +6 shillelagh "Devastator" {shatter}
  6368 | D:8      | Found a hide-covered altar of Uskayaw.
  6397 | D:8      | Reached skill level 8 in Stealth
  6822 | D:8      | Reached XP level 10. HP: 42/69 MP: 10/10
  6998 | D:8      | Found a shimmering altar of Xom.
  7409 | D:9      | Reached skill level 9 in Stealth
  7638 | D:9      | Found a flagged portal.
  7648 | Bailey   | Entered a bailey
  7913 | Bailey   | Acquired the ring "Ytaupsi" {rPois Int+3 SInv}
  8021 | Bailey   | Noticed an orc warlord
  8109 | Bailey   | Killed an orc warlord
  8152 | Bailey   | Acquired a manual of Shields
  8274 | D:9      | Found a runed translucent door.
  8278 | D:9      | Found a basalt altar of Yredelemnul.
  8412 | D:9      | Noticed a two-headed ogre
  8415 | D:9      | Killed a two-headed ogre
  8416 | D:9      | Reached skill level 10 in Stealth
  8416 | D:9      | Reached XP level 11. HP: 77/77 MP: 11/11
  8429 | D:9      | Found an iron altar of Okawaru.
  8494 | D:9      | Reached * piety under Ashenzari
  8495 | D:9      | Gained mutation: You are agile. (Dex +4, Str/Int -1)
                  | [potion of mutation]
  8495 | D:9      | Gained mutation: Your body sometimes deteriorates upon
                  | taking damage. [potion of mutation]
  8495 | D:9      | Gained mutation: You have hidden genetic potential. [potion
                  | of mutation]
  8496 | D:9      | Found a stormy altar of Qazlal.
  8707 | D:9      | Found an ornate altar of the Wu Jian Council.
  8838 | D:10     | Entered Level 10 of the Dungeon
  9002 | D:10     | Noticed a two-headed ogre
  9013 | D:10     | Killed a two-headed ogre
  9148 | D:10     | Found a staircase to the Lair.
  9157 | D:10     | Noticed Sonja
  9161 | D:10     | Killed Sonja
  9162 | D:10     | Reached skill level 10 in Short Blades
  9375 | D:10     | Found a sparkling altar of Nemelex Xobeh.
 10075 | D:11     | Noticed a cyclops
 10087 | D:11     | Killed a cyclops
 10088 | D:11     | Reached skill level 11 in Stealth
 10276 | D:11     | Noticed a two-headed ogre
 10290 | D:11     | Killed a two-headed ogre
 10427 | D:11     | Reached ** piety under Ashenzari
 10505 | D:11     | Noticed a manticore
 10509 | D:11     | Killed a manticore
 10707 | D:11     | Noticed a two-headed ogre
 10714 | D:11     | Killed a two-headed ogre
 10715 | D:11     | Reached XP level 12. HP: 86/86 MP: 12/12
 10965 | D:12     | Gained mutation: Your flesh is heat resistant. (rF+)
                  | [hidden potential]
 11181 | D:12     | Noticed a boulder beetle
 11201 | D:12     | Killed a boulder beetle
 11237 | D:12     | Found a staircase to the Orcish Mines.
 11543 | D:12     | Reached skill level 10 in Shields
 11891 | D:12     | Reached skill level 1 in Evocations
 11918 | D:12     | Reached skill level 12 in Stealth
 11999 | Lair:1   | Entered Level 1 of the Lair of Beasts
 12284 | Lair:1   | HP: 3/88 [wolf (6)]
 13225 | Lair:2   | Noticed Fannar
 13228 | Lair:2   | Killed Fannar
 13498 | Lair:2   | Reached XP level 13. HP: 93/93 MP: 13/13
 13587 | Lair:2   | Reached skill level 5 in Evocations
 13616 | Lair:2   | Gained mutation: You possess an exceptional clarity of
                  | mind. [hidden potential]
 13616 | Lair:2   | Lost mutation: You have hidden genetic potential. [hidden
                  | potential expressed]
 13671 | Lair:2   | Found a runed translucent gate.
 13672 | Lair:2   | Found a runed translucent gate.
 13673 | Lair:2   | Found a runed translucent gate.
 14145 | Lair:2   | Noticed Brisketman's ghost (journeyman MeRe)
 14553 | Lair:3   | Reached skill level 13 in Stealth
 14903 | Lair:3   | Found a staircase to the Swamp.
 15170 | Lair:3   | Reached *** piety under Ashenzari
 15247 | Lair:3   | Reached skill level 10 in Fighting
 15275 | Lair:3   | Found a staircase to the Snake Pit.
 15332 | Lair:3   | Reached skill level 10 in Dodging
 16265 | Lair:4   | Reached XP level 14. HP: 97/102 MP: 14/14
 16287 | Lair:4   | Reached skill level 14 in Stealth
 16558 | Orc:1    | Entered Level 1 of the Orcish Mines
 16592 | Orc:1    | Reached **** piety under Ashenzari
 16600 | Orc:1    | Found a runed translucent door.
 16600 | Orc:1    | Noticed bakla's ghost (journeyman OpGl)
 16839 | Orc:2    | Entered Level 2 of the Orcish Mines
 16840 | Orc:2    | Found Tamysy's Book Shop.
 17079 | Orc:2    | Found a staircase to the Elven Halls.
 17098 | Orc:2    | Found Ker Xicw's Antique Armour Boutique.
 17190 | Orc:2    | Noticed an orc warlord
 17191 | Orc:2    | Found Dorrah's General Store.
 17268 | Orc:2    | Killed an orc warlord
 17366 | Orc:2    | Found Namma's Antique Weapon Shop.
 17600 | Orc:2    | Bought a bloodstained rapier for 216 gold pieces
 17600 | Orc:2    | Identified the +6 rapier of Jebrohit {pain, rPois rF+
                  | Int+4} (You bought it in a shop on level 2 of the Orcish
                  | Mines)
 18589 | D:13     | Noticed Erolcha
 18596 | D:13     | Killed Erolcha
 18685 | D:13     | Reached skill level 10 in Evocations
 18883 | D:13     | Noticed Lodul
 18896 | D:13     | Killed Lodul
 18990 | D:13     | Noticed Urug
 19002 | D:13     | Killed Urug
 19066 | D:13     | Found a snail-covered altar of Cheibriados.
 19152 | D:14     | Found a frozen archway.
 19171 | IceCv    | Entered an ice cave
 19174 | IceCv    | Found the +4 skin of Zhor {*Englaciate rC+++ SInv}
 19306 | IceCv    | Reached skill level 15 in Stealth
 19468 | IceCv    | Noticed a white very ugly thing
 19472 | IceCv    | Noticed a white very ugly thing
 19511 | IceCv    | Killed a white very ugly thing
 19517 | IceCv    | Killed a white very ugly thing
 19763 | D:14     | Noticed Kirke
 19771 | D:14     | Killed Kirke
 19826 | D:14     | Reached XP level 15. HP: 92/112 MP: 15/15
 19888 | D:14     | Identified the +1 ring mail "Wetsin" {rC+ Will+}
 20073 | D:14     | Noticed Jorgrun
 20080 | D:14     | Killed Jorgrun
 20095 | D:14     | Learned a level 3 spell: Swiftness
 20272 | D:14     | Noticed Rupert
 20290 | D:14     | Killed Rupert
 20359 | D:14     | Reached skill level 1 in Air Magic
 20362 | D:14     | Reached skill level 1 in Spellcasting
 20373 | D:14     | Found a gate to the Vaults.
 20758 | D:15     | Entered Level 15 of the Dungeon
 21179 | D:15     | Found a staircase to the Depths.
 21716 | Lair:4   | Slain by a yak

Illustrated notes

Levels and vault maps discovered:
D:1:      psy_arrival_basics, layout_basic, serial_shops, nicolae_shop_crystal,
          shapermc_ecumenical_altar_mp_vishouse, moated_statue, st_stairs_7
D:2:      layout_basic, kennysheep_generic_room_13
D:3:      layout_basic, zin_treasury, serial_shops, shop, shop,
          kennysheep_generic_room_8
D:4:      layout_cave_pools, marbit_many_paths, serial_shops, shop_statue,
          st_stairs_7, uniq_robin
D:5:      layout_basic, ashenzari_conservatory_becter, interstate_on_off,
          reono_crystal_passage, minmay_strange_pillars
D:6:      layout_loops_cross, nicolae_ru_great_annihilating_truth,
          mainiacjoe_overflow_boulevard, minmay_temple_entry_offerings,
          gammafunk_ghost_hive
D:7:      layout_cave_pools, mainiacjoe_overflow_paths,
          chequers_serial_rivers_room_a, grunt_decor_arrowhead
D:8:      layout_loops_ring, dk_xom_monty_hall,
          mainiacjoe_overflow_six_doors_small, sigmund_army
D:9:      layout_gridville, dk_yredelemnul_ordeal, kennysheep_mini_moat,
          kennysheep_mini, nicolae_qazlal_eye_of_the_storm, enter_bailey_2
D:10:     layout_grid_maze, nemelex_xobeh_ov_fountains_minmay, lair_entry_dummy,
          uniq_sonja
D:11:     layout_gridville, minmay_diced_spiral
D:12:     layout_roguey [special_room_orc], erik_orc_3
D:13:     layout_gridville, hangedman_abyss_or_decor_stagger,
          amcnicky_mini_pool_small, kennysheep_slug_shrine, uniq_erolcha,
          uniq_urug, uniq_lodul
D:14:     layout_long_grid, skrybe_vaults_entry_preservation,
          portal_ice_cave_entry_pillars_three, serial_co_window_serial,
          co_window_paths_b, co_window_paths_b, co_window_corner_a,
          co_window_cross_1, co_window_of_opportunity_a, co_window_corner_b,
          co_window_paths_c, co_window_broadway_a, co_window_broadway_c,
          co_window_paths_d, glass_columns_b, glass_columns_b, minmay_holes,
          uniq_kirke, uniq_jorgrun, uniq_rupert
D:15:     hangedman_depths_entry_civil_slaughter, layout_rooms,
          nicolae_concentric_dashed_squares_wild
Temple:   hellmonk_temple_divided_pantheon
Lair:1:   layout_small_grid, chequers_serial_rivers_small_3
Lair:2:   layout_cave_shapes, gammafunk_ghost_necromancy, uniq_fannar
Lair:3:   layout_gridlike, minmay_swamp_entry_reptiles,
          guppyfry_snake_entry_garden, special_room [special_room_bee]
Lair:4:   layout_roguey, nicolae_slime_entry_field_trip,
          gammafunk_lair_bear_cave
Orc:1:    layout_diamond_mine, hellmonk_ghost_happy_afterlife, basic_altar
Orc:2:    grunt_orc_gardens, layout_diamond_mine, grunt_orc_garden,
          grunt_orc_garden, grunt_orc_garden, grunt_orc_garden,
          nicolae_orc_tapped_out

Skill      XL: |  1  2  3  4  5  6  7  8  9 10 11 12 13 14 15 |
---------------+----------------------------------------------+-----
Stealth        | 1 2 4 5 7 8 10 11 12 13 15 | 15.7
Short Blades   | 3 4 6 7 9 11 | 11.7
Fighting       | 4 5 6 7 8 9 10 11 12 | 12.4
Dodging        | 4 5 6 7 8 9 10 12 13 | 13.0
Shields        | 4 5 6 7 9 11 12 14 | 14.6
Evocations     | 4 8 10 11 | 11.1
Air Magic      | 2 |  2.4
Spellcasting   | 2 |  2.1

Action                     |  1- 3 |  4- 6 |  7- 9 | 10-12 | 13-15 || total
---------------------------+-------+-------+-------+-------+-------++-------
  Melee: Rapier            |    51 |       |       |       |       ||    51
         Constrict         |    14 |    22 |    34 |    78 |   104 ||   252
         Tentacles         |    10 |    10 |    41 |   136 |   304 ||   501
         Short sword       |    13 |   104 |   178 |   470 |   946 ||  1711
         Punch             |       |       |     3 |    10 |    28 ||    41
 Invoke: Curse Item        |       |       |     1 |     4 |     2 ||     7
  Evoke: Wand              |       |       |     2 |    16 |    15 ||    33
    Use: Scroll            |     2 |       |    12 |    15 |     4 ||    33
         Potion            |       |       |     1 |     5 |     4 ||    10
   Stab: Sleeping          |    12 |     5 |    14 |    23 |    42 ||    96
         Paralysed         |       |       |     2 |     1 |     3 ||     6
         Distracted        |       |       |       |     4 |     9 ||    13
 Armour: Skin              |     3 |     5 |       |     3 |     4 ||    15
  Dodge: Dodged            |    19 |    46 |    34 |    84 |   256 ||   439
  Block: Buckler           |     7 |    47 |     5 |       |       ||    59
         Tower shield      |       |       |   116 |   440 |  1063 ||  1619
         Reflection        |       |       |     2 |     9 |    26 ||    37

Table legend: (Time is in decaauts)
 A = Elapsed time spent in this place.
 B = Non-inter-level travel time spent in this place.
 C = Inter-level travel time spent in this place.
 D = Time resting spent in this place.
 E = Time spent auto-exploring this place.
 F = Levels seen in this place.
 G = Mean time per level.
                   A        B        C        D        E       F      G
               +--------+--------+--------+--------+--------+-----+--------+
         Total |  21376 |  20160 |   1216 |   1460 |  14405 |  24 |  890.7 |
       Dungeon |  14210 |  13413 |    797 |    597 |  10419 |  15 |  947.3 |
        Temple |     59 |     44 |     15 |      0 |      8 |   1 |   59.0 |
          Lair |   4444 |   4177 |    267 |    623 |   2668 |   4 | 1111.0 |
  Orcish Mines |   1713 |   1577 |    136 |    181 |    991 |   2 |  856.5 |
        Bailey |    575 |    575 |      0 |      0 |    233 |   1 |  575.0 |
      Ice Cave |    372 |    372 |      0 |     59 |     86 |   1 |  372.0 |
               +--------+--------+--------+--------+--------+-----+--------+

Top non-repeatable levels by time:
  Lair:2: 1612 daAuts
  Lair:1: 1214 daAuts
     D:5: 1203 daAuts
   Orc:2: 1198 daAuts
    D:14: 1157 daAuts
     D:6: 1150 daAuts
     D:3: 1144 daAuts
    D:12: 1119 daAuts
    D:10: 1104 daAuts
  Lair:3: 1094 daAuts
    D:11: 1079 daAuts
     D:8: 1014 daAuts
     D:7: 898 daAuts
     D:9: 869 daAuts
    D:13: 796 daAuts
